 Dungeon Crawl Stone Soup version 0.27.1-2-g3b301248ec (webtiles) character file.

Game seed: 2033500355419253949

70 CuBeRJAN3 the Magician (level 4, 0/25 HPs)
             Began as a Deep Elf Fire Elementalist on Oct 4, 2021.
             Slain by Terence (11 damage)
             ... on level 1 of the Dungeon.
             The game lasted 00:09:45 (1897 turns).

CuBeRJAN3 the Magician (Deep Elf Fire Elementalist) Turns: 1897, Time: 00:09:47

Health: 0/25       AC:  2    Str:  5    XL:     4   Next: 3%
Magic:  10/12      EV: 16    Int: 21    God:
Gold:   55         SH:  0    Dex: 15    Spells: 7/11 levels left

rFire    . . .     SeeInvis .   (no weapon)
rCold    . . .     Faith    .   (no shield)
rNeg     . . .     Spirit   .   a - +0 robe
rPois    .         Reflect  .   (no helmet)
rElec    .         Harm     .   (no cloak)
rCorr    .         Rampage  .   (no gloves)
Will     .....                  (no boots)
Stlth    ++........             b - amulet of magic regeneration
HPRegen  0.08/turn              i - +4 ring of evasion
MPRegen  0.38/turn              (no ring)

@: very slightly contaminated
A: no striking features
a: no special abilities


You were on level 1 of the Dungeon.
You visited 1 branch of the dungeon, and saw 2 of its levels.

You collected 55 gold pieces.

Inventory:

Armour
 a - a +0 robe (worn)
 d - a +0 leather armour
Jewellery
 b - an amulet of magic regeneration (around neck)
 i - a +4 ring of evasion (left hand)
Scrolls
 f - 3 scrolls of teleportation {unknown}
 h - a scroll of identify {unknown}
 j - a scroll of amnesia {unknown}
Potions
 c - a potion of heal wounds {unknown}
 e - a potion of might {unknown}
 g - a potion of flight {unknown}


   Skills:
 + Level 1.1 Fighting
 - Level 2.4 Dodging
 + Level 3.1 Stealth
 * Level 4.2 Spellcasting
 + Level 1.9 Conjurations
 + Level 0.2 Hexes
 + Level 3.6 Fire Magic


You had 7 spell levels left.
You knew the following spells:

 Your Spells              Type           Power      Damage    Failure   Level
a - Foxfire               Conj/Fire      64%        2x1d7     3%          1
b - Conjure Flame         Conj/Fire      16%        6-21      11%         3

Your spell library contained the following spells:

 Spells                   Type           Power      Damage    Failure   Level
 Inner Flame              Hex/Fire       12%        N/A       16%         3
 Passwall                 Tmut/Erth      3%         N/A       19%         2
 Swiftness                Air            4%         N/A       34%         3
 Sticky Flame             Conj/Fire      16%        2d4       36%         4
 Fireball                 Conj/Fire      8%         3d6       71%         5
 Invisibility             Hex            2%         N/A       100%        6


Dungeon Overview and Level Annotations

Branches:
Dungeon (2/15)

Altars:

Shops:
D:1 (   D:2 :

Annotations:
D:1 Terence


Message History

Casting: Foxfire (safe; 3% risk of failure)
Press: ? - help, Q - select action Dir - look around, f - activate You conjure some foxfire!
Terence hits you with a +0 flail!
The foxfire hits Terence but does no damage.
The foxfire hits Terence.
Terence is moderately wounded.
Terence says, "Did you write a will?
You should..."
Casting: Foxfire (safe; 3% risk of failure)
Press: ? - help, Q - select action Dir - look around, f - activate You conjure some foxfire!
Terence closely misses you.
The foxfire hits Terence but does no damage.
Terence is lightly wounded.
The foxfire hits Terence but does no damage.
Terence is lightly wounded.
Casting: Foxfire (safe; 3% risk of failure)
Press: ? - help, Q - select action Dir - look around, f - activate You conjure some foxfire!
Terence hits you with a +0 flail.
The foxfire hits Terence but does no damage.
Terence is lightly wounded.
The foxfire hits Terence.
Terence is moderately wounded.
Casting: Foxfire (safe; 3% risk of failure)
Press: ? - help, Q - select action Dir - look around, f - activate You conjure some foxfire!
Terence shouts, "Now you die!" Terence barely misses you.
The foxfire hits Terence but does no damage.
Terence is moderately wounded.
The foxfire hits Terence but does no damage.
Terence is moderately wounded.
Casting: Foxfire (safe; 3% risk of failure)
Press: ? - help, Q - select action Dir - look around, f - activate You miscast Foxfire.
You are very lightly contaminated with residual magic.
Nothing appears to happen.
Terence hits you with a +0 flail!
You die...

............#.#######......#....#
.....##....................#....#
#'#####....................#.....
#'#####.......................)..
.....##.....#.###########.##.#...
.....##.....#.#########...##.##.#
.....##.....#.........#....#.....
.................@..#.#.#.##....#
#.####..........@#..#.#..........
.....+.......................>###
#.####...........##...#.#........
#'####...........##...#.#.#######
.................##...#)######
...............(.##..........#
......#####.#######.#.#..###.#
#....###.......####.#....# #.#
'..........⌠........#...####.#


You could see Terence.

Vanquished Creatures
  2 adders
  A dart slug (D:1)
  5 bats
  3 endoplasms
  2 giant cockroaches (D:1)
  4 goblins
  4 hobgoblins
  8 jackals
  2 kobolds
  3 quokkas (D:1)
  3 ball pythons
  2 frilled lizards (D:1)
  2 rats
41 creatures vanquished.

Vanquished Creatures (others)
  130 foxfires
  A fungus (D:2)
131 creatures vanquished.

Grand Total: 172 creatures vanquished

Notes
Turn   | Place    | Note
-------+----------+-------------------------------------------
     0 | D:1      | CuBeRJAN3 the Deep Elf Fire Elementalist began the quest
                  | for the Orb.
     0 | D:1      | Reached XP level 1. HP: 10/10 MP: 6/6
   239 | D:1      | Reached XP level 2. HP: 15/15 MP: 4/8
   433 | D:1      | You fall into a shaft and drop 1 floor!
   580 | D:2      | Found Jinahayv's Book Emporium.
   668 | D:2      | Noticed Terence
   685 | D:2      | Reached XP level 3. HP: 19/20 MP: 10/10
   771 | D:1      | Found Ywic Kie's Antique Weapon Emporium.
   826 | D:1      | Learned a level 3 spell: Conjure Flame
  1578 | D:1      | Reached skill level 4 in Spellcasting
  1650 | D:1      | Reached skill level 1 in Fighting
  1718 | D:2      | Found a faded altar of an unknown god.
  1750 | D:2      | Reached XP level 4. HP: 25/25 MP: 9/12
  1897 | D:1      | Slain by Terence

Illustrated notes

Levels and vault maps discovered:
D:1:      dpeg_arrival_leaves_temple_mockup, layout_basic, serial_shops, shop,
          interstate_on_off
D:2:      layout_basic, serial_shops, nicolae_lakefront_shop,
          shapermc_ecumenical_altar_mp_ritualfount, uniq_terence

Skill      XL: |  1  2  3 |
---------------+----------+-----
Stealth        | 3 |  3.1
Spellcasting   | 4 |  4.2
Fighting       | 1 |  1.1
Dodging        | |  2.4
Conjurations   | |  1.9
Hexes          | |  0.2
Fire Magic     | |  3.6

Action                   |  1- 3 |  4- 6 || total
-------------------------+-------+-------++-------
Melee: Unarmed           |     4 |       ||     4
 Cast: Foxfire           |    86 |     4 ||    90
Armor: Robe              |     7 |       ||     7
Dodge: Dodged            |    14 |     3 ||    17
